AoeStats
← julio_cc53

QS Arena

503690495Analyzed
4v4 RM · 1mo ago on Sep 1, 2026· 59m 1s· 8 players
Game mode
Random Map
Map size
Large (8 player)
Population
200
Speed
Normal
Resources
Standard
Victory
Conquest
Starting age
Dark Age
Ending age
Imperial Age
RankedLock teamsTeams togetherTeam positionsShared explorationLock speedFull tech treeHidden civsTurbo modeCheats
Victory
Defeat
🇸🇪 Magyars · Sweden
1110
+13
🇪🇸 Mongols · Spain
1044
+16
🇸🇪 Malay · Sweden
972
+19
🇸🇪 Persians · Sweden
963
+19
🇮🇳 Franks · India
1078
-19
🇨🇳 Shu · China
1064
-18
🇪🇸 Turks · Spain
1056
-18
🇺🇦 Britons · Ukraine
960
-13
Pokie
8:07 Feudal Age
12:15 Castle Age
10:18 Double-Bit Axe
11:26 Horse Collar
14:21 Bow Saw
18:03 Heavy Plow
21:32 Wheelbarrow
24:38 Hand Cart
27:29 Imperial Age
26:50 Gold Mining
26:50 Stone Mining
27:10 Scale Barding Armor
27:16 Forging
28:48 Two-Man Saw
28:20 Crop Rotation
29:35 Iron Casting
29:21 Chain Barding Armor
30:01 Gold Shaft Mining
30:01 Stone Shaft Mining
31:43 Blast Furnace
31:52 Elite War Elephant
32:41 Elite War Elephant
34:02 Plate Barding Armor
35:25 Husbandry
35:35 Bloodlines
50:44 Caravan
51:52 Light Cavalry
53:47 Hussar
julio_cc53
7:12 Feudal Age
11:41 Castle Age
10:53 Double-Bit Axe
11:01 Gold Mining
11:01 Horse Collar
13:12 Wheelbarrow
17:43 Fletching
20:42 Bodkin Arrow
23:10 Hand Cart
25:30 Padded Archer Armor
26:56 Ballistics
30:51 Imperial Age
28:49 Husbandry
29:55 Bloodlines
29:07 Light Cavalry
30:06 Leather Archer Armor
30:29 Scale Barding Armor
30:35 Forging
32:02 Conscription
32:16 Chain Barding Armor
33:19 Bracer
34:35 Bow Saw
34:55 Heavy Plow
36:58 Iron Casting
38:20 Chemistry
38:39 Blast Furnace
41:23 Thumb Ring
48:43 Parthian Tactics
49:08 Hussar
Scrub slayer
2:09 Loom
8:00 Feudal Age
12:13 Castle Age
10:20 Double-Bit Axe
10:34 Horse Collar
13:28 Bow Saw
13:27 Heavy Plow
17:08 Wheelbarrow
20:30 Hand Cart
20:27 Gold Mining
22:22 Gold Shaft Mining
25:48 Imperial Age
23:22 Stone Mining
25:27 Scale Barding Armor
26:31 Chain Barding Armor
26:40 Fletching
27:53 Two-Man Saw
27:34 Crop Rotation
27:24 Scale Mail Armor
27:45 Bloodlines
27:38 Husbandry
27:25 Elite Skirmisher
28:12 Thumb Ring
28:45 Bodkin Arrow
29:26 Plate Barding Armor
28:42 Cavalier
29:51 Parthian Tactics
30:01 Padded Archer Armor
30:43 Bracer
31:11 Ballistics
31:11 Loom
33:33 Leather Archer Armor
35:09 Ring Archer Armor
36:01 Chemistry
36:21 Masonry
35:36 Heavy Cavalry Archer
42:01 Conscription
43:15 Corvinian Army
42:38 Elite Magyar Huszar
44:53 Recurve Bow
47:18 Treadmill Crane
56:07 Hoardings
BountyMango
9:55 Feudal Age
16:29 Castle Age
16:13 Double-Bit Axe
21:01 Bow Saw
23:00 Stone Mining
23:00 Gold Mining
22:53 Horse Collar
29:25 Caravan
34:12 Imperial Age
31:37 Gold Mining
32:22 Stone Shaft Mining
32:21 Forging
32:16 Scale Barding Armor
34:35 Elite Battle Elephant
36:01 Iron Casting
36:10 Town Watch
37:00 Wheelbarrow
36:10 Loom
37:01 Conscription
38:08 Forced Levy
37:34 Man-at-Arms
38:19 Squires
38:29 Husbandry
37:52 Light Cavalry
38:46 Long Swordsman
40:55 Two-Handed Swordsman
41:33 Arson
44:10 Heavy Plow
44:51 Gold Shaft Mining
45:00 Town Patrol
45:16 Hand Cart
52:13 Town Patrol
52:28 Hand Cart
53:51 Capped Ram
57:04 Chemistry
Carsitou
9:44 Feudal Age
10:34 Double-Bit Axe
13:14 Castle Age
10:55 Horse Collar
12:44 Town Watch
14:50 Bow Saw
14:30 Loom
15:24 Wheelbarrow
17:13 Loom
21:01 Heavy Plow
26:19 Imperial Age
25:13 Sipahi
25:02 Gold Mining
25:03 Stone Mining
25:51 Hand Cart
26:23 Fletching
26:35 Padded Archer Armor
27:22 Conscription
27:46 Parthian Tactics
26:53 Heavy Cavalry Archer
30:19 Bombard Tower
30:22 Ballistics
31:32 Bodkin Arrow
31:52 Leather Archer Armor
33:23 Theocracy
33:45 Bloodlines
33:51 Bloodlines
33:41 Husbandry
35:06 Gold Shaft Mining
35:19 Scale Barding Armor
35:24 Forging
35:52 Sanctity
40:21 Chain Barding Armor
40:36 Iron Casting
40:23 Bracer
44:26 Plate Barding Armor
44:51 Blast Furnace
45:34 Fervor
45:40 Redemption
54:44 Fortified Wall
54:56 Bombard Tower
54:43 Heavy Camel Rider
Alogib
7:46 Feudal Age
8:24 Double-Bit Axe
13:55 Castle Age
12:25 Stone Mining
13:35 Fletching
13:46 Gold Mining
15:51 Horse Collar
16:52 Bow Saw
20:33 Ballistics
20:27 Bodkin Arrow
20:54 Elite Skirmisher
22:49 Padded Archer Armor
24:19 Yeomen
24:27 Leather Archer Armor
25:38 Wheelbarrow
26:54 Heavy Plow
30:46 Imperial Age
27:53 Pikeman
29:41 Scale Mail Armor
30:37 Gold Shaft Mining
30:28 Squires
30:42 Forging
31:34 Elite Longbowman
32:58 Bracer
32:52 Town Watch
34:25 Conscription
35:06 Ring Archer Armor
35:39 Chemistry
35:22 Hand Cart
36:40 Siege Engineers
38:11 Two-Man Saw
41:46 Chain Mail Armor
42:28 Halberdier
44:47 Masonry
46:20 Architecture
56:16 Caravan
dushyanthkuthati
0:45 Loom
12:08 Feudal Age
13:29 Wheelbarrow
12:58 Double-Bit Axe
17:18 Castle Age
16:05 Stone Mining
16:05 Gold Mining
18:43 Hand Cart
32:32 Imperial Age
30:48 Bow Saw
31:19 Husbandry
31:28 Scale Barding Armor
31:33 Forging
31:28 Scale Barding Armor
31:33 Forging
32:41 Chain Barding Armor
32:34 Cavalier
33:52 Iron Casting
34:14 Gold Shaft Mining
33:32 Town Watch
38:11 Paladin
47:22 Plate Barding Armor
47:47 Blast Furnace
47:22 Plate Barding Armor
47:47 Blast Furnace
47:22 Plate Barding Armor
47:06 Elite Skirmisher
48:08 Town Patrol
48:40 Fletching
48:50 Padded Archer Armor
48:40 Fletching
48:51 Padded Archer Armor
49:21 Ballistics
50:21 Chemistry
50:24 Hoardings
49:51 Bodkin Arrow
50:42 Leather Archer Armor
51:19 Masonry
51:22 Careening
51:12 Murder Holes
51:00 Pikeman
51:41 Squires
51:26 Arson
54:32 Architecture
54:50 Scale Mail Armor
55:12 Halberdier
56:12 Chain Mail Armor
Dio
8:13 Feudal Age
12:08 Castle Age
11:13 Horse Collar
12:43 Double-Bit Axe
19:54 Gold Mining
25:11 Imperial Age
23:41 Heavy Plow
24:23 Wheelbarrow
23:34 Loom
23:56 Crossbowman
24:41 Thumb Ring
23:59 Pikeman
24:39 Squires
25:38 Gold Shaft Mining
24:54 Stone Mining
25:10 Elite Skirmisher
25:26 Capped Ram
26:28 Fletching
26:50 Forging
26:40 Padded Archer Armor
27:14 Hand Cart
27:21 Bodkin Arrow
27:29 Scale Mail Armor
27:05 Arbalester
30:57 Chemistry
30:03 Siege Engineers
30:52 Bracer
31:08 Leather Archer Armor
32:01 Siege Ram
32:36 Arson
33:12 Bow Saw
34:25 Chain Mail Armor
34:41 Ring Archer Armor
36:19 Halberdier
39:17 Bolt Magazine
39:38 Conscription
39:20 Coiled Serpent Array
40:53 Elite White Feather Guard
58:15 Plate Mail Armor
Connection lost

Rejoining the realm…

Still unreachable

The connection could not be restored.

Session expired

The server has moved on; the page needs a fresh start.